Description

Begginer Guide: build an economy and spawn mass roaches

Build Order

Get SALT Encoding   

  13  0:14  Overlord  
  17  0:50  Hatchery  
  18  1:08  Extractor  
  17  1:13  Spawning Pool  
  19  1:40  Overlord  
  26  2:07  Queen x2  
  26  2:10  Zergling x2  Send a Zergling to each watch tower and the rest to scout
  27  2:13  Metabolic Boost  Should finish at 3:33 - [27/36]
  27  2:34  Hatchery  
  31  2:44  Queen x2  for creep tumors
  33  2:48  Overlord  
  33  2:55  Overlord  
  36  3:14  Queen x2  
  44  3:30  Overlord  
  54  4:00  Evolution Chamber  
  54  4:05  Spore Crawler x3  in the mineral line, especially when a stargate is spotted
  54  4:10  Extractor x3  build when over 40 drones
  55  4:20  Lair  Create lair in natural
  57  4:24  Roach Warren  
  56  4:30  Zerg Missile Weapons Level 1  
  58  4:43  Overlord x2  
  74  5:10  Glial Reconstitution  
  74  5:12  Roach  62 drones, 3 bases; start continuously spawning roaches
  188  7:30  Ravager x5  move to attack at 7:40
Spawning Tool Build Advisor. Get it on Overwolf

Go to:

Details

  • Created by: Rufusan
  • Published on: Dec 05, 2019
  • Modified on: Dec 05, 2019
  • Patch: 4.11.0
  • Difficulty: Easy
Show
View Real Time Build Order
Export as new Build Order

Comments (0)

There are no comments. Be the first!

Create an account to comment!